 Dungeon Crawl Stone Soup version 0.21-a0-28-g9a7844a (webtiles) character file.

992 Manul the Covert (level 7, -2/39 HPs)
             Began as a Spriggan Abyssal Knight on May 26, 2017.
             Was a Believer of Lugonu.
             Slain by a gnoll
             ... wielding a +0 spear
              (8 damage)
             ... on level 5 of the Dungeon.
             The game lasted 00:06:52 (6212 turns).

Manul the Covert (Spriggan Abyssal Knight)          Turns: 6212, Time: 00:06:53

Health: -2/39      AC:  2    Str:  8    XL:     7   Next: 98%
Magic:  10/10      EV: 19    Int: 14    God:    Lugonu [**....]
Gold:   252        SH:  0    Dex: 17    Spells: 6/6 levels left

rFire    + . .     SeeInvis +   p - +2 dagger (venom)
rCold    x . .     Gourm    .   (shield restricted)
rNeg     . . .     Faith    .   b - +0 robe
rPois    .         Spirit   .   (helmet restricted)
rElec    .         Reflect  .   (no cloak)
rCorr    +         Harm     .   (gloves unavailable)
MR       +....                  (boots unavailable)
Stlth    +++++.....             (no amulet)
Regen    0.2/turn               t - ring of resist corrosion
MPRegen  0.2/turn               i - ring of fire

@: very quick
A: unfitting armour, see invisible, herbivore 3, speed 3, slow metabolism 2
a: Depart the Abyss, Bend Space, Renounce Religion


You were on level 5 of the Dungeon.
You worshipped Lugonu.
Lugonu was pleased with you.
You were not hungry.

You visited 1 branch of the dungeon, and saw 5 of its levels.
You visited the Abyss 1 time.

You collected 252 gold pieces.

Inventory:

Hand Weapons
 a - a +1 short sword
 m - a +2 mace of protection
 p - a +2 dagger of venom (weapon)
Armour
 b - a +0 robe (worn)
Jewellery
 i - a ring of fire (right hand)
 t - a ring of resist corrosion (left hand)
 u - an uncursed ring of wizardry
Wands
 e - a wand of disintegration (7/24)
Scrolls
 j - a scroll of fog
 k - a scroll of enchant armour {unknown}
 l - 2 scrolls of immolation
 o - 2 scrolls of identify
 x - a scroll of teleportation
Potions
 f - a potion of haste
 g - a potion of might {unknown}
 h - 3 potions of curing {unknown}
 n - a potion of invisibility {unknown}
 q - a potion of lignification
 s - a potion of ambrosia {unknown}
 v - a potion of agility {unknown}
Comestibles
 c - 2 bread rations
 d - a royal jelly
 r - a fruit


   Skills:
 + Level 5.2 Fighting
 - Level 2.4 Short Blades
 - Level 0.9 Maces & Flails
 - Level 3.6 Dodging
 * Level 10.0 Stealth
 + Level 1.8 Invocations
 - Level 2.9 Evocations


You had 6 spell levels left.
You didn't know any spells.

Dungeon Overview and Level Annotations

Branches:
Dungeon (5/15)
 Temple: D:4-7

Altars:
Ashenzari
The Shining One


Innate Abilities, Weirdness & Mutations

You are very small and have problems with some larger weapons.
You are too small for most types of armour.
You have supernaturally acute eyesight. (SInv)
You are a herbivore.
You cover ground extremely quickly.
You need consume almost no food.


Message History

You start resting.
A gnoll comes into view. It is wielding a spear.
A gnoll is nearby!
A gnoll comes into view.
A gnoll comes into view. It is wielding a club.
The gnoll shouts!
The gnoll shouts!
The gnoll shouts!
You hit the gnoll but do no damage.
You hear a shout!
The gnoll misses you.
You hit the gnoll.
The gnoll is lightly wounded.
You hit the gnoll.
The gnoll is poisoned.
The gnoll is moderately wounded.
The gnoll hits you! The gnoll hits you with a spear!
* * * LOW HITPOINT WARNING * * *
You are too injured to fight recklessly!
The gnoll hits you from afar with a spear!
You die...

..#.........<.......
.....................
.....................#.
.....................#...
.....................#..###
.....................#....####
......#....g..................
......##...g...)>>.........?..
.......##g.g.@...............!
.......()).....)..............
......###......)..........#
..... ##................##
.... ##........##......### ...
#..##>##..#..#...... ..
##.##.##..#..#.#.... .
#..#.....#.##.#....
##.###...#.........


You could see 4 gnolls.

Vanquished Creatures
  An ice beast (D:4)
  2 ogres
  2 small abominations (Abyss:2)
  A crimson imp (D:5)
  2 orc priests
  2 bullfrog skeletons (D:5)
  A centaur skeleton (D:4)
  Natasha (D:3)
  4 orc wizards
  2 worker ants (D:4)
  A worker ant zombie (D:4)
  3 gnolls (D:2)
  5 adders
  2 shadow imps
  A white imp (Abyss:2)
  A dart slug (D:2)
  4 leopard geckos
  18 orcs
  3 giant cockroaches
  7 goblins
  6 hobgoblins
  3 jackals (D:4)
  2 quokkas (D:2)
  2 ball pythons (D:4)
  4 bats
  3 frilled lizards
  6 kobolds
  A leopard gecko skeleton (D:4)
  6 rats
96 creatures vanquished.

Notes
Turn   | Place    | Note
-------+----------+-------------------------------------------
     0 | Abyss:1  | Manul the Spriggan Abyssal Knight began the quest for the Orb.
     0 | Abyss:1  | Reached XP level 1. HP: 11/11 MP: 3/3
    82 | Abyss:2  | Noticed a small abomination
    82 | Abyss:2  | Noticed a small abomination
   100 | Abyss:2  | Killed a small abomination
   100 | Abyss:2  | Reached skill level 2 in Stealth
   100 | Abyss:2  | Reached XP level 2. HP: 11/16 MP: 4/4
   100 | Abyss:2  | Reached XP level 3. HP: 14/20 MP: 5/5
   100 | Abyss:2  | Reached XP level 4. HP: 17/24 MP: 6/6
   103 | Abyss:2  | Killed a small abomination
   103 | Abyss:2  | Reached skill level 3 in Stealth
   103 | Abyss:2  | Reached XP level 5. HP: 21/29 MP: 6/8
   141 | Abyss:3  | Noticed a necromancer
   149 | Abyss:3  | Noticed a large abomination
   165 | Abyss:3  | Noticed a large abomination
   170 | Abyss:3  | Noticed an apocalypse crab
   195 | Abyss:3  | Noticed a large abomination
   199 | Abyss:3  | Noticed a wretched star
   205 | D:1      | Escaped the Abyss
   322 | D:1      | Reached * piety under Lugonu
   795 | D:2      | Found a glowing golden altar of the Shining One.
  1189 | D:3      | Reached skill level 4 in Stealth
  1982 | D:2      | Reached XP level 6. HP: 26/33 MP: 9/9
  2280 | D:3      | Reached skill level 5 in Stealth
  2296 | D:3      | Reached ** piety under Lugonu
  2335 | D:3      | Found a shattered altar of Ashenzari.
  2509 | D:3      | Noticed Natasha
  2862 | D:3      | Killed Natasha
  3195 | D:4      | Reached skill level 6 in Stealth
  3764 | D:4      | Reached skill level 7 in Stealth
  3764 | D:4      | Reached XP level 7. HP: 26/38 MP: 10/10
  4543 | D:5      | Entered Level 5 of the Dungeon
  4636 | D:4      | Reached skill level 8 in Stealth
  5292 | D:5      | Reached skill level 5 in Fighting
  5776 | D:4      | Reached skill level 9 in Stealth
  6141 | D:5      | Reached skill level 10 in Stealth
  6212 | D:5      | Slain by a gnoll

Vault maps used:
D:1:      dpeg_arrival_tiny_a
D:2:      tso_oasis_becter, hangedman_decor_growths
D:3:      cheibrodos_pilgrimage, evilmike_ruin_ashenzari, uniq_natasha
D:4:      hangedman_decor_peaks_small
D:5:      old_standard_altar, first_bread
Abyss:1:  hangedman_abyss_mock_shop
Abyss:3:  evilmike_abyss_exit_1, hangedman_summoners_spam,
          nicolae_abyss_rune_star_stuff

Skill      XL: |  1  2  3  4  5  6  7 |
---------------+----------------------+-----
Fighting       | 3 4 5 |  5.2
Stealth        | 2 3 4 7 10 | 10.0
Evocations     | 2 |  2.9
Short Blades   | |  2.4
Maces & Flails | |  0.9
Dodging        | |  3.6
Invocations    | |  1.8

Action                   |  1- 3 |  4- 6 |  7- 9 || total
-------------------------+-------+-------+-------++-------
Melee: Short sword       |       |    94 |       ||    94
       Dagger            |       |   149 |   184 ||   333
       Mace              |       |    14 |       ||    14
Invok: Depart the Abyss  |       |     1 |       ||     1
Evoke: Wand              |     4 |     4 |       ||     8
  Use: Scroll            |     1 |     5 |     1 ||     7
       Potion            |       |     1 |       ||     1
 Stab: Sleeping          |       |    11 |       ||    11
  Eat: Bread ration      |       |       |     1 ||     1
Armor: Robe              |       |    18 |     4 ||    22
       Skin              |       |    17 |       ||    17
Dodge: Dodged            |       |   194 |   166 ||   360
